 Dungeon Crawl Stone Soup version 0.30.0-29-ga12c61a403 (webtiles) character file.

Game seed: 4792322513726623968

1285 belegose the Magician (level 8, -1/55 HPs)
             Began as a Djinni Wanderer on June 9, 2023.
             Slain by a two-headed ogre
             ... wielding a +0 dire flail
              (32 damage)
             ... on level 8 of the Dungeon.
             The game lasted 00:30:28 (8117 turns).

belegose the Magician (Djinni Wanderer)             Turns: 8117, Time: 00:30:28

Health: -1/55      AC:  4    Str:  7    XL:     8   Next: 85%
Gold:   241        EV: 12    Int: 22    God:
                   SH:  5    Dex: 13

rFire   + + +        a - +9 long sword of the Rattlesnake {antimagic, *Noise Int+2 SInv}
rCold   + . .        (no shield)
rNeg    . . .        c - +2 robe {rC+ rF+}
rPois   ∞            (no helmet)
rElec   .            H - scarf {shadows}
rCorr   .            (no gloves)
SInv    +            (boots unavailable)
Will    +....        f - amulet of reflection
Stlth   ++           D - ring of protection from cold
HPRegen 0.29/turn    r - ring of willpower
MPRegen 0.00/turn

%: reflection, infuse magic (-2 HP)
@: flying
A: sickness immunity, fire resistance 2, cold vulnerability 1, float, innate
caster, HP casting, extra vitality 1
a: no special abilities


You were on level 8 of the Dungeon.
You visited 2 branches of the dungeon, and saw 9 of its levels.
You also visited: Sewer.

You collected 386 gold pieces.
You spent 145 gold pieces at shops.

Inventory:

Hand Weapons
 a - the +9 long sword of the Rattlesnake (weapon) {antimagic, *Noise Int+2 SInv}
   (You found it on level 5 of the Dungeon)

   Int:       It affects your intelligence (+2).
   SInv:      It lets you see invisible.
   *Noise:    It may make noises in combat.
 b - a +4 sling
Missiles
 q - 22 poisoned darts (quivered)
 v - 8 boomerangs
 w - 10 silver boomerangs
 N - 3 datura-tipped darts
Armour
 c - a +2 robe of resistance (worn)
 H - a scarf of shadows (worn)
 I - a +0 buckler
Jewellery
 f - an amulet of reflection (around neck)
 i - a +6 ring of strength
 r - a ring of willpower (right hand)
 t - a ring of resist corrosion
 D - a ring of protection from cold (left hand)
 O - the ring "Wecrog" {*Slow Str+5 SInv}
   (You bought it in a shop on level 3 of the Dungeon)

   [ring of see invisible]

   Str:       It affects your strength (+5).
   SInv:      It lets you see invisible.
   *Slow:     It may slow you when you take damage.
Wands
 y - a wand of flame (21)
 B - a wand of digging (2)
 M - a wand of paralysis (3)
Scrolls
 d - 3 scrolls of fog
 e - 3 scrolls of enchant armour {unknown}
 j - 2 scrolls of enchant weapon {unknown}
 o - 2 scrolls of magic mapping {unknown}
 s - 2 scrolls of immolation {unknown}
 u - 2 scrolls of teleportation {unknown}
 x - a scroll of silence {unknown}
 C - a scroll of blinking
 E - a scroll of torment {unknown}
 F - a scroll of fear {unknown}
 J - 2 scrolls of vulnerability {unknown}
 L - 2 scrolls of noise {unknown}
Potions
 g - a potion of invisibility {unknown}
 h - a potion of flight {unknown}
 k - 2 potions of mutation
 l - 2 potions of haste
 m - a potion of curing {unknown}
 n - 2 potions of heal wounds {unknown}
 p - a potion of attraction {unknown}
 z - 2 potions of brilliance
 A - 4 potions of lignification {unknown}
 G - 3 potions of cancellation
 K - 2 potions of resistance


   Skills:
 + Level 2.9 Fighting
 + Level 3.6 Long Blades
 - Level 3.0 Ranged Weapons
 - Level 1.0 Throwing
 - Level 2.0 Armour
 - Level 2.1 Dodging
 - Level 1.5 Stealth
 + Level 6.3 Spellcasting


You knew the following spells:

 Your Spells              Type           Power      Damage    Failure   Level
a - Magic Dart            Conj           100%       1d8       1%          1
b - Summon Small Mammal   Summ           100%       N/A       1%          1
c - Mephitic Cloud        Conj/Pois/Air  34%        N/A       1%          3
d - Ensorcelled Hibernat  Hex/Ice        68%        N/A       1%          2
e - Dazzling Flash        Conj/Hex       68%        N/A       1%          3

Your spell library contained the following spells:

 Spells                   Type           Power      Damage    Failure   Level


Dungeon Overview and Level Annotations

Branches:
Dungeon (8/15)             Temple (1/1) D:5           Sewer (visited)
   Lair: D:8-11

Altars:
Ashenzari
Cheibriados
Fedhas
Hepliaklqana
Nemelex Xobeh
Okawaru
Qazlal
Trog
Uskayaw
Wu Jian
Zin

Shops:
D:3 *


Innate Abilities, Weirdness & Mutations

You are immune to sickness and miasma.
You are immune to poison.
Your flesh is very heat resistant. (rF++)
You are vulnerable to cold. (rC-)
You float through the air rather than walking.
You learn spells naturally, not from books.
Your magical power is your life essence.
You have superior vitality. (+4 MHP)


Message History

There is a stone staircase leading down here.
There is a stone staircase leading down here.
You fly downwards.
There is a stone staircase leading up here.
You now have 241 gold pieces (gained 8).
Found a stone staircase leading down.
A two-headed ogre comes into view.
It is wielding a +0 dire flail and a +0 giant spiked club.
The two-headed ogre shouts in stereo!
Casting: Magic Dart (safe; 1% risk of failure)
Confirm with . or Enter, or press ? or * to list all spells.
Aiming: Mephitic Cloud (safe; 1% risk of failure)
Press: ? - help, Shift-Dir - straight line, f - two-headed ogre
Aim: a two-headed ogre, wielding a +0 dire flail and a +0 giant spiked club (chance to affect: 53%)
The ball explodes into a vile cloud!
The stinking cloud engulfs the two-headed ogre but does no damage.
You hear a shout!
The two-headed ogre is engulfed in noxious fumes.
Casting: Mephitic Cloud (safe; 1% risk of failure)
Confirm with . or Enter, or press ? or * to list all spells.
Aiming: Mephitic Cloud (safe; 1% risk of failure)
Press: ? - help, Shift-Dir - straight line, f/p - two-headed ogre
Aim: a two-headed ogre, wielding a +0 dire flail and a +0 giant spiked club (noxious fumes, chance to affect: 53%)
The ball explodes into a vile cloud!
The stinking cloud engulfs the two-headed ogre but does no damage.
The two-headed ogre is engulfed in noxious fumes.
The two-headed ogre is engulfed in noxious fumes.
The two-headed ogre appears confused.
Casting: Mephitic Cloud (safe; 1% risk of failure)
Confirm with . or Enter, or press ? or * to list all spells.
Aiming: Ensorcelled Hibernation (safe; 1% risk of failure)
Press: ? - help, Shift-Dir - straight line, f/p - two-headed ogre
Aim: a two-headed ogre, wielding a +0 dire flail and a +0 giant spiked club (confused, chance to affect: 45%)
The two-headed ogre looks drowsy...
The two-headed ogre seems less confused.
You slash the two-headed ogre!
The two-headed ogre is lightly wounded.
The two-headed ogre hits you with a +0 dire flail!!
The two-headed ogre hits you with a +0 giant spiked club!!
Ouch! That really hurt!
You die...

#..# #..#
#..# #..#
#..# #
#..####.##.#
#...>.....
##.####.####
#..@O......
######.####
#


You could see a two-headed ogre.

Vanquished Creatures
  Prince Ribbit (D:5)
  Duvessa (D:5)
  A black bear (D:6)
  2 phantoms
  2 scorpions
  Dowan (D:5)
  A hound (D:6)
  A gnoll bouda (D:7)
  4 iguanas
  A jelly (D:6)
  2 sleepcaps
  Ijyb (D:5)
  An orc wizard (D:3)
  9 gnolls
  6 adders
  A shadow imp (D:7)
  A white imp (D:6)
  3 ufetubi
  A worm (D:3)
  A dart slug (D:3)
  16 orcs
  7 endoplasms
  6 giant cockroaches
  2 goblins
  3 hobgoblins
  6 jackals
  7 quokkas
  14 ball pythons
  10 bats
  3 frilled lizards
  17 kobolds
  7 rats
139 creatures vanquished.

Notes
Turn   | Place    | Note
-------+----------+-------------------------------------------
     0 | D:1      | belegose the Djinni Wanderer began the quest for the Orb.
     0 | D:1      | belegose set off with the following items: a +2 dagger, a
                  | scroll of blinking, a +0 scale mail, a scroll of fogthe
                  | following spells memorised: Mephitic Cloud, Magic Dart.
     0 | D:1      | Reached XP level 1. HP: 15/15 MP: 0/0
   258 | D:1      | Reached XP level 2. HP: 19/21 MP: 0/0
   320 | D:1      | Reached skill level 3 in Spellcasting
   622 | D:1      | Reached XP level 3. HP: 17/25 MP: 0/0
   622 | D:1      | Learned a level 1 spell: Summon Small Mammal
  1662 | D:2      | Reached XP level 4. HP: 29/31 MP: 0/0
  1877 | D:2      | Reached skill level 4 in Spellcasting
  2148 | D:3      | Reached XP level 5. HP: 32/35 MP: 0/0
  2148 | D:3      | Learned a level 2 spell: Ensorcelled Hibernation
  2670 | D:3      | Found Xeaw's Assorted Antiques.
  3035 | D:4      | Reached XP level 6. HP: 23/40 MP: 0/0
  3182 | D:4      | Reached skill level 5 in Spellcasting
  4208 | D:5      | Entered Level 5 of the Dungeon
  4285 | D:5      | Noticed Dowan
  4342 | D:5      | Reached skill level 1 in Ranged Weapons
  4353 | D:5      | Found a glowing silver altar of Zin.
  4610 | D:5      | Found a glowing drain.
  4618 | Sewer    | Entered a sewer
  4758 | Sewer    | Reached XP level 7. HP: 45/45 MP: 0/0
  4758 | Sewer    | Learned a level 3 spell: Dazzling Flash
  5185 | D:5      | Identified the +9 long sword of the Rattlesnake {antimagic,
                  | *Noise Int+2 SInv}
  5213 | D:5      | Found a staircase to the Ecumenical Temple.
  5220 | D:5      | Noticed Duvessa
  5224 | D:5      | Noticed Ijyb
  5231 | D:5      | Killed Dowan
  5235 | D:5      | Killed Duvessa
  5236 | D:5      | Reached skill level 1 in Long Blades
  5237 | Temple   | Entered the Ecumenical Temple
  5271 | D:5      | Killed Ijyb
  5675 | D:5      | Noticed Prince Ribbit
  5683 | D:5      | Killed Prince Ribbit
  5684 | D:5      | Reached XP level 8. HP: 45/50 MP: 0/0
  6196 | D:6      | Reached skill level 1 in Fighting
  6343 | D:6      | Reached skill level 6 in Spellcasting
  7000 | D:3      | Bought a brightly glowing copper ring for 145 gold pieces
  7000 | D:3      | Identified the ring "Wecrog" {*Slow Str+5 SInv} (You bought
                  | it in a shop on level 3 of the Dungeon)
  8108 | D:8      | Noticed a two-headed ogre
  8117 | D:8      | Slain by a two-headed ogre

Illustrated notes

Levels and vault maps discovered:
D:1:      sevenhm_arrival_forest_fort_small_4, layout_basic, serial_rivers,
          chequers_serial_rivers_large_b, chequers_serial_rivers_room_a,
          chequers_serial_rivers_small_3, chequers_serial_rivers_small_a,
          chequers_serial_rivers_micro_e
D:2:      layout_basic
D:3:      layout_basic, serial_shops, nicolae_shop_back_alley_shop
D:4:      layout_layer_cave, nrook_mini_backslash
D:5:      layout_loops_ring, mainiacjoe_overflow_boulevard,
          minmay_temple_entry_gardened_gates, portal_sewer_entry_d,
          uniq_prince_ribbit1, uniq_duvessa, uniq_ijyb
D:6:      layout_basic
D:7:      layout_loops_cross
D:8:      layout_loops_ring, nrook_pool_corridor
Temple:   compressed_dpeg_triangle_lava_temple

Skill      XL: |  1  2  3  4  5  6  7  8 |
---------------+-------------------------+-----
Spellcasting   | 3 4 5 6 |  6.3
Ranged Weapons | 1 3 |  3.0
Long Blades    | 2 3 |  3.6
Fighting       | 2 |  2.9
Throwing       | |  1.0
Armour         | |  2.0
Dodging        | |  2.1
Stealth        | |  1.5

Action                     |  1- 3 |  4- 6 |  7- 9 || total
---------------------------+-------+-------+-------++-------
  Melee: Dagger            |    11 |    26 |       ||    37
         Punch             |     1 |       |     2 ||     3
         Long sword        |       |       |    70 ||    70
   Fire: Sling             |       |    72 |    27 ||    99
  Throw: Dart              |       |       |     7 ||     7
   Cast: Magic Dart        |    76 |    98 |    11 ||   185
         Mephitic Cloud    |       |     4 |    16 ||    20
         Summon Small Mamm |       |     3 |       ||     3
         Ensorcelled Hiber |       |       |     2 ||     2
  Evoke: Wand              |       |       |     7 ||     7
    Use: Scroll            |       |       |     7 ||     7
   Stab: Confused          |       |     3 |     2 ||     5
         Sleeping          |       |       |     4 ||     4
 Armour: Robe              |       |       |    13 ||    13
  Dodge: Dodged            |     9 |    44 |    46 ||    99
  Block: Other             |     4 |    23 |    20 ||    47
         Reflection        |       |     1 |     1 ||     2
